 Dungeon Crawl Stone Soup version 0.32-a0-607-g64ea0e4219 (webtiles) character file.

Game seed: 7531888322815144415

68 cforsyth the Grave Robber (level 4, -6/37 HPs)
             Began as a Mountain Dwarf Necromancer on Mar 3, 2024.
             Mangled by an ogre
             ... wielding a +0 giant club
              (24 damage)
             ... on level 3 of the Dungeon.
             The game lasted 00:02:39 (1872 turns).

cforsyth the Grave Robber (MDNe)                    Turns: 1872, Time: 00:02:40

Health: -6/37      AC:  6    Str: 13    XL:     4   Next: 1%
Magic:  1/6        EV:  9    Int: 15    God:
Gold:   132        SH:  0    Dex: 10    Spells: 5/6 levels left

rFire   . . .        g - +3 short sword
rCold   . . .        (no shield)
rNeg    . . .        h - +0 scale mail
rPois   .            (no helmet)
rElec   .            (no cloak)
rCorr   .            (no gloves)
SInv    .            (no boots)
Will    .....        (no amulet) Stlth
                     (no ring)
HPRegen 0.26/turn    (no ring)
MPRegen 0.10/turn

%: no passive effects
@: no status effects
A: runic magic, artefact enchanting
a: no special abilities


You were on level 3 of the Dungeon.
You visited 1 branch of the dungeon, and saw 3 of its levels.

You collected 132 gold pieces.


Innate Abilities, Weirdness & Mutations

Your spellcasting is much less encumbered by armour.
You can use scrolls of enchantment on lesser artefacts.


   Skills:
 + Level 2.7 Fighting
 - Level 1.3 Dodging
 - Level 1.4 Stealth
 - Level 1.7 Spellcasting
 + Level 5.3 Necromancy


You had 5 spell levels left.
You knew the following spells:

 Your Spells              Type           Power      Damage    Failure   Level
X - Necrotise             Necr           68%        1d7       3%          1

Your spell library contained the following spells:

 Spells                   Type           Power      Damage    Failure   Level
 Vampiric Draining        Necr           17%        2d7       11%         3
 Magic Dart               Conj           4%         1d3       32%         1
 Animate Dead             Necr           17%        N/A       36%         4
 Blink                    Tloc           2%         N/A       45%         2
 Call Imp                 Summ           2%         N/A       45%         2
 Mercury Vapours          Alch/Air       2%         N/A       45%         2
 Mephitic Cloud           Conj/Alch/Air  1%         N/A       69%         3
 Curse of Agony           Necr           17%        N/A       71%         5
 Freezing Cloud           Conj/Ice/Air   0%         6-21      100%        5

Inventory:

Hand Weapons
 g - a +3 short sword (weapon)
 i - a +0 hand axe of freezing
Armour
 a - a +0 robe
 h - a +0 scale mail (worn)
Wands
 n - a wand of flame (3)
Scrolls
 c - 3 scrolls of teleportation {unknown}
 f - 2 scrolls of identify {unknown}
 j - a scroll of silence {unknown}
 l - 2 scrolls of revelation {unknown}
 m - 3 scrolls of enchant weapon {unknown}
Potions
 b - a potion of magic
 d - a potion of heal wounds {unknown}
 e - a potion of brilliance {unknown}
 k - a potion of enlightenment {unknown}

Dungeon Overview and Level Annotations

Branches:
Dungeon (3/15)

Altars:
Gozag

Shops:
D:2 [   D:3 *

Annotations:
D:3 2 transporters

. #.# # #.## #..# #
##.# .# #.# ### ...
#.# #.. .... #.#
#.# ....# #.#
#.#####..)... #.#
##.#..@O......
#.####.#..#####....
#.....###.# #
######.#.## #.# #.#
# #


You could see an ogre.


Message History

The ogre writhes in agony.
The ogre writhes in agony.
The ogre writhes in agony.
The ogre closely misses you.
The ogre struggles to resist.
You are out of magic!
Casting: Necrotise (safe; 3% risk of failure)
Confirm with . or Enter, or press ? or * to list all spells.
You don't have enough magic to cast this spell.
Unknown command.
You hit the ogre.
The ogre is severely wounded.
The ogre barely misses you.
Unknown command.
Unknown command.
You puncture the ogre!
The ogre is almost dead.
The ogre hits you with a +0 giant club!!
Ouch! That really hurt!
* * * LOW HITPOINT WARNING * * *
Unknown command.
Unknown command.
You hit the ogre.
The ogre is almost dead.
Unknown command.
Unknown command.
You barely miss the ogre.
The ogre is almost dead.
The ogre hits you with a +0 giant club!!
Ouch! That really hurt!
You die...

Skill      XL: |  1  2 |
---------------+-------+-----
Fighting       | 1 2 |  2.7
Necromancy     | 5 |  5.3
Dodging        | |  1.3
Stealth        | |  1.4
Spellcasting   | |  1.7

Action                     |  1- 3 |  4- 6 || total
---------------------------+-------+-------++-------
  Melee: Short sword       |    68 |     4 ||    72
   Cast: Necrotise         |    51 |     6 ||    57
 Armour: Scale mail        |    51 |     2 ||    53
  Dodge: Dodged            |    32 |     2 ||    34

Levels and vault maps discovered:
D:1:      roderic_dead_forest, layout_loops_ring, minmay_rat_gold_closets
D:2:      layout_basic, basic_altar,
          dreamdust_ecumenical_altar_angels_and_demons, serial_shops, shop
D:3:      layout_loops_ring, serial_shops, nicolae_shop_drivethru

Notes
Turn   | Place    | Note
-------+----------+-------------------------------------------
     0 | D:1      | cforsyth the Mountain Dwarf Necromancer began the quest for
                  | the Orb.
     0 | D:1      | Reached XP level 1. HP: 14/14 MP: 3/3
   322 | D:1      | Reached skill level 1 in Fighting
   448 | D:1      | Reached XP level 2. HP: 23/23 MP: 1/4
   993 | D:2      | Reached skill level 5 in Necromancy
   994 | D:2      | Reached skill level 2 in Fighting
   994 | D:2      | Reached XP level 3. HP: 23/29 MP: 5/5
  1252 | D:2      | Found an opulent altar of Gozag.
  1469 | D:2      | Found a faded altar of an unknown god.
  1567 | D:2      | Found Apnoukuw's Antique Armour Boutique.
  1727 | D:3      | Found a transporter.
  1763 | D:3      | Found Esooz's General Store.
  1765 | D:3      | Found a transporter.
  1812 | D:3      | Reached XP level 4. HP: 29/37 MP: 1/6
  1862 | D:3      | Noticed an ogre
  1872 | D:3      | Mangled by an ogre

Vanquished Creatures
  2 adders
  2 ribbon worms
  2 dart slugs
  4 ball pythons (D:2)
  6 bats
  2 endoplasms
  A giant cockroach (D:1)
  3 goblins
  A hobgoblin (D:2)
  2 quokkas
  2 frilled lizards (D:1)
  2 kobolds (D:1)
  12 rats
41 creatures vanquished.

Vanquished Creatures (collateral kills)
  A rat (D:2)
1 creature vanquished.

Grand Total: 42 creatures vanquished

Table legend: (Time is in decaauts)
 A = Elapsed time spent in this place.
 B = Non-inter-level travel time spent in this place.
 C = Inter-level travel time spent in this place.
 D = Time resting spent in this place.
 E = Time spent auto-exploring this place.
 F = Levels seen in this place.
 G = Mean time per level.
                   A        B        C        D        E       F      G
               +--------+--------+--------+--------+--------+-----+--------+
         Total |   1872 |   1823 |     49 |     70 |   1469 |   3 |  624.0 |
       Dungeon |   1872 |   1823 |     49 |     70 |   1469 |   3 |  624.0 |
               +--------+--------+--------+--------+--------+-----+--------+

Top non-repeatable levels by time:
     D:1: 991 daAuts
     D:2: 736 daAuts
     D:3: 144 daAuts

Table legend:
 A = Non-vault XP
 B = Vault XP
 C = Vault XP percentage of total XP
 D = Non-vault monster count
 E = Vault monster count
 F = Vault count percentage of total count
                 A         B        C        D         E       F
            +---------+---------+-------+---------+---------+-------
      Total |      88 |      10 |  10.2 |      32 |      10 |  23.8
            +---------+---------+-------+---------+---------+-------
        D:1 |      20 |      10 |  33.3 |      12 |      10 |  45.5
        D:2 |      50 |       0 |   0.0 |      18 |       0 |   0.0
        D:3 |      18 |       0 |   0.0 |       2 |       0 |   0.0
            +---------+---------+-------+---------+---------+-------
